Map: Orbital Shipyard

Players

ILLBdA - Winner!

  • Race: Protoss Protoss
  • League: Diamond

有話好好說

  • Race: Terran Terran
  • League: Diamond

VOD

Have the link to the VOD?

Description

Time

  • Played on: Dec. 24, 2015, 6:55 a.m.
  • Length: 5:17
Show
View Real Time Build Order
Export as new Build Order

ILLBdA Protoss - Winner!

Build Orders: 1 Gate Expand 

Get SALT Encoding   

  12  0:01  Probe (Chrono Boost)  
  13  0:11  Probe (Chrono Boost)  
  14  0:17  Pylon  
  14  0:22  Probe (Chrono Boost)  
  16  0:35  Probe (Chrono Boost)  
  16  0:36  Gateway  
  16  0:44  Assimilator  
  16  0:47  Probe (Chrono Boost)  
  17  0:58  Probe (Chrono Boost)  
  18  1:08  Probe (Chrono Boost)  
  19  1:20  Nexus  
  19  1:25  Probe (Chrono Boost)  
  20  1:35  Cybernetics Core  
  20  1:37  Probe (Chrono Boost)  
  21  1:44  Assimilator  
  21  1:49  Pylon  
  21  1:52  Probe (Chrono Boost)  
  22  2:03  Probe (Chrono Boost)  
  23  2:11  Adept  
  23  2:12  Warp Gate  
  23  2:15  Mothership Core (Chrono Boost)  
  27  2:25  Pylon  
  27  2:33  Probe (Chrono Boost)  
  28  2:37  Probe (Chrono Boost)  
  28  2:44  Probe (Chrono Boost)  
  30  2:48  Probe (Chrono Boost)  
  30  2:50  Robotics Facility  
  31  2:53  Sentry (Chrono Boost)  
  31  2:54  Probe (Chrono Boost)  
  35  2:58  Probe (Chrono Boost)  
  35  3:05  Probe (Chrono Boost)  
  36  3:06  Pylon  
  36  3:19  Stalker (Chrono Boost)  
  38  3:21  Pylon  
  38  3:23  Pylon  
  38  3:35  Probe  
  38  3:37  Immortal  
  43  3:51  Gateway  
  43  3:54  Gateway  
  43  4:04  Sentry (Chrono Boost)  
  43  4:06  Probe  
  46  4:23  Mothership Core  
  41  4:32  Immortal (Chrono Boost)  
  30  4:41  Zealot  
  26  4:49  Probe  
  27  5:06  Adept  
Show
View Real Time Build Order
Export as new Build Order

有話好好說 Terran 

Build Orders:  

Get SALT Encoding   

  12  0:01  SCV  
  13  0:14  SCV  
  14  0:28  Supply Depot, SCV  
  15  0:49  SCV  
  16  0:50  Barracks  
  16  1:03  Barracks  
  17  1:24  Barracks  
  16  1:29  Barracks  
  16  1:37  Marine  
  17  1:47  Supply Depot  
  17  1:51  Marine  
  18  1:55  Marine  
  19  2:09  Marine  
  19  2:11  Marine  
  19  2:12  Marine  
  22  2:16  Marine  
  23  2:27  Marine  
  23  2:29  Marine  
  25  2:30  Marine  
  25  2:34  Marine  
  27  2:44  Marine  
  27  2:47  Marine  
  27  2:48  Marine  
  30  2:52  Marine  
  31  3:07  Supply Depot  
  31  3:29  Marine x3  
  34  3:37  Marine  
  35  3:47  Marine  
  36  3:58  Marine  
Tags
 
Add a new tag
Caveats
  • Supply blocks, unpowered buildings, or Contaminate may cause inaccurate times.
  • Supply counts are checked every 10 seconds.